 Dungeon Crawl Stone Soup version 0.26.1-11-gd32895ea62 (webtiles) character file.

Game seed: 5545842747155729071

8248 Mattiprrivan the Cleaver (level 11, -5/95 HPs)
             Began as a Hill Orc Fighter on June 22, 2021.
             Was an Elder of Beogh.
             Hit by a large rock thrown by a cyclops (25 damage)
             ... on level 11 of the Dungeon.
             The game lasted 01:40:22 (11383 turns).

Mattiprrivan the Cleaver (Hill Orc Fighter)        Turns: 11383, Time: 01:40:23

Health: -5/95      AC: 13    Str: 21    XL:     11   Next: 27%
Magic:  15/15      EV:  8    Int:  8    God:    Beogh [****..]
Gold:   206        SH: 12    Dex: 12    Spells: 10/10 levels left

rFire    + . .     SeeInvis .   a - +2 war axe
rCold    . . .     Faith    +   c - +1 kite shield
rNeg     . . .     Spirit   .   m - +2 scale mail {rF+}
rPois    .         Reflect  .   (no helmet)
rElec    .         Harm     .   f - scarf {+Inv}
rCorr    +         Rampage  .   (no gloves)
Will     +....                  (no boots)
Stlth    ..........             g - amulet of faith
HPRegen  0.25/turn              e - ring of resist corrosion
MPRegen  0.14/turn              k - ring of willpower

@: no status effects
A: yellow scales 1, screaming 1, shaggy fur 1, wild magic 1
a: Renounce Religion, Evoke Invisibility, Smiting, Recall Orcish Followers


You were on level 11 of the Dungeon.
You worshipped Beogh.
Beogh was greatly pleased with you.
You visited 1 branch of the dungeon, and saw 11 of its levels.
You also visited: Sewer.

You collected 531 gold pieces.
You spent 325 gold pieces at shops.

Inventory:

Hand Weapons
 a - a +2 war axe (weapon)
Missiles
 j - 32 poisoned darts (quivered)
 l - a throwing net
Armour
 c - a +1 kite shield (worn)
 f - a scarf of invisibility (worn)
 m - a +2 scale mail of fire resistance (worn)
Jewellery
 e - a ring of resist corrosion (left hand)
 g - an amulet of faith (around neck)
 k - a ring of willpower (right hand)
Wands
 o - a wand of paralysis (14)
 q - a wand of flame (11)
 r - a wand of enslavement (19)
 s - a wand of random effects (8)
Scrolls
 b - 4 scrolls of remove curse
 i - 3 scrolls of teleportation
 p - 9 scrolls of identify
Potions
 h - 2 potions of magic
 n - 2 potions of ambrosia
 t - 3 potions of flight
 v - 2 potions of curing
 x - a potion of haste
Miscellaneous
 d - a phantom mirror


   Skills:
 * Level 8.3 Fighting
 * Level 12.4 Axes
 - Level 1.2(6.9) Polearms
 * Level 5.2 Throwing
 * Level 8.0 Armour
 - Level 0.1 Stealth
 * Level 7.4 Shields
 * Level 6.5 Invocations
 * Level 4.4 Evocations


You had 10 spell levels left.
You didn't know any spells.
Your spell library contained the following spells:

 Spells                   Type           Power        Failure   Level
 Beastly Appendage        Tmut           0%           97%         1
 Poisonous Vapours        Pois/Air       0%           99%         2
 Wereblood                Tmut           0%           99%         2
 Confusing Touch          Hex            0%           100%        3
 Conjure Flame            Conj/Fire      0%           100%        3
 Gell's Gravitas          Tloc           0%           100%        3
 Mephitic Cloud           Conj/Pois/Air  0%           100%        3
 Spider Form              Tmut/Pois      0%           100%        3
 Ice Form                 Ice/Tmut       0%           100%        4
 Petrify                  Tmut/Erth      0%           100%        4
 Blade Hands              Tmut           0%           100%        5
 Metabolic Englaciation   Hex/Ice        0%           100%        5
 Yara's Violent Unravell  Hex/Tmut       0%           100%        5
 Freezing Cloud           Conj/Ice/Air   0%           100%        6


Dungeon Overview and Level Annotations

Branches:
Dungeon (11/15)            Temple (0/1) D:7           Sewer (visited)
   Lair: D:8-11         Orc: D:9-12

Altars:
Dithmenos
Fedhas
Hepliaklqana
Nemelex Xobeh
Qazlal
Ru
Uskayaw
Yredelemnul

Shops:
D:5 [   D:8 }   D:9 =   D:10 ?


Innate Abilities, Weirdness & Mutations

You are partially covered in yellow scales. (AC +2)
You occasionally shout uncontrollably at your foes.
You are covered in fur. (AC +1)
Your spells are a little harder to cast, but a little more powerful.


Message History

The vampire draws strength from your injuries!
As you read the scroll of teleportation, it crumbles to dust.
You feel strangely unstable.
The vampire casts a spell at itself.
The vampire flickers and vanishes!
Your surroundings suddenly seem different.
A yak comes into view.
The yak bellows!
An orc comes into view. It is wielding a +0 dagger.
The orc stares at you in amazement and kneels.
It says, "I'm so glad you are here now."
Your orc shouts!
A cyclops comes into view.
The cyclops shouts!
You hear a shout! x2
Your orc hits the cyclops but does no damage.
An orc priest comes into view. It is wielding a +0 flail.
The orc priest falls on its knees before you.
Found 16 gold pieces and a scale mail.
The cyclops throws a large rock.
The large rock hits you!!
You die...

#o.. #... ..o .C#
.. # . . #
##.#.#...
....#.#.......$
#Y.....@.#
[....##.##
......... .
.......## ...
......... .#...
........ .......
.##.....# ...#...
...###...###.......
........##........


You could see a cyclops, a yak, a friendly orc priest and a friendly orc.

Vanquished Creatures
  Harold (D:7)
  An unseen horror (D:10)
  Pikel (D:8)
  An oklob plant (D:6)
  Joseph (D:7)
  A slime creature (D:10)
  2 yaks (D:10)
  A steam dragon (D:8)
  A hornet zombie (D:5)
  A sky beast (D:5)
  8 centaurs
  2 ogres
  3 big kobolds (Sewer)
  5 bullfrogs
  A wyvern skeleton (D:9)
  2 scorpions
  A howler monkey (D:4)
  A bullfrog zombie (D:11)
  3 bullfrog skeletons (D:8)
  4 hounds
  A jelly (D:5)
  8 orc wizards
  Jessica (D:2)
  Natasha (thrice) (D:4)
  2 iguanas
  4 worker ants
  A killer bee zombie (D:8)
  A centaur simulacrum (D:8)
  2 hound zombies
  A howler monkey skeleton (D:4)
  2 gnolls (D:9)
  16 adders
  3 river rats (Sewer)
  A shadow imp (D:10)
  2 white imps
  A worker ant simulacrum (D:8)
  4 oozes
  An adder zombie (D:8)
  2 adder skeletons
  11 worms
  The ghost of MatrixGlitch the Sneak, a weakling HODe (D:5)
  4 dart slugs
  5 leopard geckos
  19 orcs
  5 ball pythons
  7 giant cockroaches
  9 goblins
  5 hobgoblins (D:1)
  13 jackals
  5 quokkas
  A ball python skeleton (D:5)
  4 bats
  10 frilled lizards
  17 kobolds
  A leopard gecko skeleton (D:4)
  A quokka zombie (D:5)
  15 rats
230 creatures vanquished.

Vanquished Creatures (collateral kills)
  Erica (D:10)
  The ghost of ghwc the Spear-Bearer, a novice NaBe of Trog (D:8)
  A kobold demonologist (D:10)
  2 slime creatures (D:10)
  4 yaks
  A sky beast (D:10)
  A hornet zombie (D:8)
  3 orc warriors
  A phantom (D:9)
  An eye of draining (D:10)
  A centaur (D:10)
  A water moccasin zombie (D:11)
  3 scorpions
  3 killer bees (D:11)
  A quasit (D:10)
  2 orc wizards (D:10)
  A bullfrog simulacrum (D:8)
  A spectral worker ant (D:8)
  2 adders
  2 gnolls (D:9)
  3 orcs
  A jackal (D:10)
  A kobold (D:11)
  A quokka (D:9)
39 creatures vanquished.

Vanquished Creatures (others)
  An orc knight (D:11)
  2 orc warriors
  An orc priest (D:3)
  12 orcs
  4 fungi (D:6)
  2 plants (D:6)
22 creatures vanquished.

Grand Total: 291 creatures vanquished

Notes
Turn   | Place    | Note
-------+----------+-------------------------------------------
     0 | D:1      | Mattiprrivan the Hill Orc Fighter began the quest for the
                  | Orb.
     0 | D:1      | Reached XP level 1. HP: 19/19 MP: 1/1
    96 | D:1      | Reached XP level 2. HP: 20/27 MP: 2/2
   266 | D:1      | Reached skill level 1 in Polearms
   511 | D:1      | Reached XP level 3. HP: 33/33 MP: 3/3
   558 | D:1      | Reached skill level 3 in Axes
   884 | D:2      | Noticed Jessica
   888 | D:2      | Killed Jessica
   889 | D:2      | Reached XP level 4. HP: 40/40 MP: 4/4
  1017 | D:2      | Reached skill level 4 in Axes
  1308 | D:2      | Reached skill level 1 in Throwing
  1481 | D:3      | Reached XP level 5. HP: 46/46 MP: 5/5
  1519 | D:3      | Became a worshipper of Beogh the Brigand
  1547 | D:3      | Found a hide-covered altar of Uskayaw.
  1932 | D:3      | Found a glowing drain.
  1941 | Sewer    | Entered a sewer
  2212 | Sewer    | Noticed a big kobold
  2219 | Sewer    | Killed a big kobold
  2220 | Sewer    | Reached skill level 5 in Axes
  2220 | Sewer    | Reached skill level 1 in Invocations
  2220 | Sewer    | Reached XP level 6. HP: 53/53 MP: 6/6
  2304 | Sewer    | Reached * piety under Beogh
  2391 | Sewer    | Reached XP level 7. HP: 60/60 MP: 6/8
  3133 | D:4      | Found a sparkling altar of Nemelex Xobeh.
  3136 | D:4      | Noticed Natasha
  3146 | D:4      | Reached skill level 5 in Fighting
  3146 | D:4      | Reached skill level 6 in Axes
  3147 | D:4      | Killed Natasha
  3460 | D:4      | Noticed Natasha
  3466 | D:4      | Killed Natasha
  3579 | D:4      | Reached ** piety under Beogh
  3684 | D:4      | Noticed Natasha
  3694 | D:4      | Killed Natasha
  4074 | D:5      | Entered Level 5 of the Dungeon
  4146 | D:5      | Noticed MatrixGlitch's ghost (weakling HODe)
  4149 | D:5      | Found a transporter.
  4168 | D:5      | Found a transporter.
  4177 | D:5      | Killed MatrixGlitch's ghost
  4178 | D:5      | Reached skill level 7 in Axes
  4178 | D:5      | Reached XP level 8. HP: 65/68 MP: 8/10
  4514 | D:5      | Reached skill level 1 in Evocations
  4552 | D:5      | Found Ynos Ito's Antique Armour Shop.
  4643 | D:5      | Reached skill level 8 in Axes
  4643 | D:5      | Reached skill level 5 in Armour
  4921 | D:6      | Gained mutation: You do not regenerate when monsters are
                  | visible. [potion of mutation]
  4921 | D:6      | Gained mutation: You are robust. (+10% HP) [potion of
                  | mutation]
  4970 | D:6      | Reached skill level 5 in Shields
  5128 | D:6      | Found a hazy altar of Hepliaklqana.
  5131 | D:6      | Found a shadowy altar of Dithmenos.
  5131 | D:6      | Noticed a shadow
  5390 | D:6      | Found a sacrificial altar of Ru.
  5665 | D:6      | Reached skill level 9 in Axes
  5665 | D:6      | Reached XP level 9. HP: 31/82 MP: 11/11
  6161 | D:6      | Found a blossoming altar of Fedhas.
  6185 | D:6      | Noticed an oklob plant
  6502 | D:6      | Killed an oklob plant
  6681 | D:7      | Found a staircase to the Ecumenical Temple.
  6700 | D:7      | Reached *** piety under Beogh
  6751 | D:7      | Noticed Harold
  6770 | D:7      | Killed Harold
  6771 | D:7      | Reached skill level 10 in Axes
  6771 | D:7      | Reached skill level 5 in Invocations
  7159 | D:7      | Lost mutation: You are robust. (+10% HP) [potion of
                  | mutation]
  7159 | D:7      | Lost mutation: You do not regenerate when monsters are
                  | visible. [potion of mutation]
  7159 | D:7      | Gained mutation: You are frail. (-10% HP) [potion of
                  | mutation]
  7159 | D:7      | Gained mutation: Your body sometimes deteriorates upon
                  | taking damage. [potion of mutation]
  7159 | D:7      | Gained mutation: You are surrounded by a mild repulsion
                  | field. (EV +2) [potion of mutation]
  7288 | D:7      | Found a stormy altar of Qazlal.
  7288 | D:7      | Found a basalt altar of Yredelemnul.
  7295 | D:7      | Reached XP level 10. HP: 77/77 MP: 13/13
  7349 | D:7      | Noticed Joseph
  7362 | D:7      | Killed Joseph
  7788 | D:8      | Noticed Pikel
  7800 | D:8      | Killed Pikel
  7801 | D:8      | Reached skill level 11 in Axes
  7815 | D:8      | Found Vuoqil's Gadget Boutique.
  7820 | D:8      | Bought a wand of flame (24) for 169 gold pieces
  7820 | D:8      | Bought a wand of enslavement (10) for 156 gold pieces
  8236 | D:8      | Lost mutation: You are surrounded by a mild repulsion
                  | field. (EV +2) [potion of mutation]
  8236 | D:8      | Lost mutation: You are frail. (-10% HP) [potion of
                  | mutation]
  8236 | D:8      | Lost mutation: Your body sometimes deteriorates upon taking
                  | damage. [potion of mutation]
  8236 | D:8      | Gained mutation: You are partially covered in yellow
                  | scales. (AC +2) [potion of mutation]
  8236 | D:8      | Gained mutation: You occasionally shout uncontrollably at
                  | your foes. [potion of mutation]
  8236 | D:8      | Gained mutation: Your spells are a little harder to cast,
                  | but a little more powerful. [potion of mutation]
  8236 | D:8      | Gained mutation: You are covered in fur. (AC +1) [potion of
                  | mutation]
  8677 | D:8      | Found a runed translucent gate.
  8677 | D:8      | Found a runed translucent gate.
  8678 | D:8      | Found a runed translucent gate.
  8687 | D:8      | Noticed ghwc's ghost (novice NaBe)
  8696 | D:8      | Gained Milork as an ally
  8705 | D:8      | Killed ghwc's ghost
  8990 | D:9      | Found Leopsyre's Jewellery Boutique.
  9149 | D:9      | Reached **** piety under Beogh
 10038 | D:10     | Entered Level 10 of the Dungeon
 10108 | D:10     | Noticed Erica
 10119 | D:10     | Killed Erica
 10120 | D:10     | Reached skill level 5 in Throwing
 10209 | D:10     | Noticed a kobold demonologist
 10220 | D:10     | Killed a kobold demonologist
 10257 | D:10     | Reached skill level 12 in Axes
 10257 | D:10     | Reached XP level 11. HP: 59/94 MP: 15/15
 10294 | D:10     | Killed an unseen horror
 11053 | D:10     | Found Nikkin's Magic Scroll Shoppe.
 11338 | D:11     | Your ally Milork died
 11382 | D:11     | Noticed a cyclops
 11383 | D:11     | Hit by a large rock thrown by a cyclops

Illustrated notes

Levels and vault maps discovered:
D:1:      amcnicky_arrival_blooded_trapdoor, layout_rooms,
          minmay_worlds_worst_comb
D:2:      layout_rooms, st_stairs_3, uniq_jessica
D:3:      layout_basic, nicolae_overflow_crystal_walls, portal_sewer_entry_b
D:4:      layout_gridville, nemelex_xobeh_ov_fountains_minmay,
          amcnicky_mini_rare_corridor_liquid, uniq_natasha
D:5:      layout_rooms, serial_shops, nicolae_shop_overgrown_old_shop,
          gammafunk_ghost_arena
D:6:      layout_cave_pools, riverfiend_overflow_shadow_ancestor, tgw_fedhas,
          hangedman_ru_absence, centaur_isle
D:7:      layout_loops_ring, gammafunk_temple_overflow_pools, temple_pool_b,
          uniq_joseph, uniq_harold
D:8:      layout_cave_pools, gammafunk_ghost_necromancy, serial_shops, shop,
          uniq_pikel
D:9:      layout_layer_cave, serial_shops, nicolae_shop_waterfront,
          kennysheep_generic_room_16
D:10:     layout_long_grid, serial_shops, shop, chequers_serial_rivers_small_b,
          uniq_erica
D:11:     layout_cave_pools, david_lair_generic, serial_shops, shop

Skill      XL: |  1  2  3  4  5  6  7  8  9 10 11 |
---------------+----------------------------------+-----
Polearms       | 1 |  1.2
Fighting       | 4 5 6 7 8 |  8.3
Axes           | 3 4 5 7 9 10 12 | 12.4
Shields        | 4 5 7 |  7.4
Throwing       | 1 2 3 4 5 |  5.2
Armour         | 4 5 6 7 8 |  8.0
Invocations    | 1 2 3 5 6 |  6.5
Evocations     | 1 3 4 |  4.4
Stealth        | |  0.1

Action                   |  1- 3 |  4- 6 |  7- 9 | 10-12 || total
-------------------------+-------+-------+-------+-------++-------
Melee: War axe           |    76 |   153 |   263 |   200 ||   692
Throw: Boomerang         |    12 |    81 |    37 |       ||   130
       Dart              |       |       |    23 |    17 ||    40
       Throwing net      |       |       |     4 |       ||     4
Invok: Convert to Beogh  |       |     1 |       |       ||     1
       Smiting           |       |       |     1 |       ||     1
Evoke: Wand              |       |       |    10 |    17 ||    27
  Use: Scroll            |     3 |     4 |     8 |    14 ||    29
       Potion            |     2 |     5 |    15 |     8 ||    30
 Stab: Held in net/web   |       |       |     1 |       ||     1
       Paralysed         |       |       |    12 |       ||    12
       Distracted        |       |       |       |     1 ||     1
Armor: Scale mail        |    53 |    53 |    82 |   114 ||   302
Dodge: Dodged            |    27 |    39 |    53 |    63 ||   182
Block: Kite shield       |    51 |    62 |   115 |   141 ||   369
